 Dungeon Crawl Stone Soup version 0.23.2-40-g277498a (webtiles) character file.

Game seed: 5612049080319606661

1822 CSWrites the Grappler (level 8, -6/76 HPs)
             Began as a Troll Monk on Oct 22, 2019.
             Was an Elder of Elyvilon.
             Mangled by a centaur
             ... wielding a +0 halberd
              (17 damage)
             ... on level 6 of the Dungeon.
             The game lasted 00:26:12 (4462 turns).

CSWrites the Grappler (Troll Monk)                  Turns: 4462, Time: 00:26:13

Health: -6/76      AC:  8    Str: 22    XL:     8   Next: 85%
Magic:  8/8        EV: 12    Int:  6    God:    Elyvilon [****..]
Gold:   429        SH:  0    Dex: 12    Spells: 7/7 levels left

rFire    . . .     SeeInvis +     - Unarmed
rCold    . . .     Gourm    +   (no shield)
rNeg     . . .     Faith    .   k - +2 robe {MR+}
rPois    .         Spirit   .   (helmet restricted)
rElec    .         Reflect  .   (no cloak)
rCorr    .         Harm     .   (gloves unavailable)
MR       +....                  (boots unavailable)
Stlth    ++........             (no amulet)
HPRegen  0.62/turn              t - ring of see invisible
MPRegen  0.11/turn              (no ring)

@: no status effects
A: large, unfitting armour, claws 3, fast metabolism 3, gourmand, regeneration
1, shaggy fur 1, tough skin 3
a: Lesser Healing, Heal Other, Purification, Greater Healing, Divine Protection,
Renounce Religion


You were on level 6 of the Dungeon.
You worshipped Elyvilon.
Elyvilon was greatly pleased with you.
You were completely stuffed.

You visited 1 branch of the dungeon, and saw 6 of its levels.

You collected 429 gold pieces.

Inventory:

Hand Weapons
 f - a +2 spear of freezing
 q - a +2 hand axe of flaming
Missiles
 c - a javelin of returning (quivered)
 r - 12 poisoned needles
Armour
 a - a +0 robe
 k - a +2 robe of magic resistance (worn)
Jewellery
 t - a ring of see invisible (left claw)
Wands
 w - a wand of iceblast (12)
Scrolls
 d - 3 scrolls of amnesia
 e - 4 scrolls of identify
 h - a scroll of enchant weapon
 s - 2 scrolls of teleportation
 x - a scroll of remove curse
Potions
 g - a potion of magic {unknown}
 i - a potion of flight {unknown}
 j - 2 potions of heal wounds {unknown}
 l - 2 potions of berserk rage {unknown}
 m - 2 potions of haste {unknown}
 n - 2 potions of lignification {unknown}
 o - 3 potions of curing {unknown}
 p - a potion of brilliance {unknown}
 u - a potion of might {unknown}
Comestibles
 b - 7 rations
 v - 8 chunks of flesh


   Skills:
 + Level 3.6 Fighting
 + Level 0.2 Throwing
 + Level 5.0 Dodging
 + Level 2.5 Stealth
 + Level 8.8 Unarmed Combat
 + Level 2.5 Invocations


You had 7 spell levels left.
You didn't know any spells.
Your spell library contained the following spells:

 Spells                   Type           Power        Failure   Level  Hunger
 Beastly Appendage        Tmut           #.....       45%         1    ##.....
 Sticks to Snakes         Tmut           #.......     58%         2    ###....
 Spider Form              Tmut/Pois      #.........   83%         3    ####...
 Ice Form                 Ice/Tmut       #.......     99%         4    #####..
 Blade Hands              Tmut           #.........   100%        5    ######.


Dungeon Overview and Level Annotations

Branches:
Dungeon (6/15)
 Temple: D:4-7

Altars:
Ashenzari
Elyvilon
Gozag
Qazlal
Xom
Yredelemnul


Innate Abilities, Weirdness & Mutations

You are too large for most types of armour.
You have claws for hands.
Your metabolism is lightning-fast.
You like to eat raw meat.
Your natural rate of healing is unusually fast.
You are covered in fur. (AC +1)
You have extremely tough skin. (AC +3)


Message History

The centaur hits you from afar with a +0 halberd!
The orc hits you but does no damage.
You claw the orc!
You kill the orc!
The centaur hits you from afar with a +0 halberd!
* * * LOW HITPOINT WARNING * * *
The centaur barely misses you.
There is an open door, spattered with blood here.
Items here: )) [[ † a +0 leather armour; a +0 dagger; a +0 leather armour; a +0 giant club an orc corpse You scratch the centaur.
The centaur is almost dead.
The centaur hits you with a +0 halberd!
* * * LOW HITPOINT WARNING * * *
The centaur hits you but does no damage.
You scratch the centaur.
The centaur is almost dead.
The centaur hits you with a +0 halberd!
You die...

#.... ####...####
... ..#.. . #..#.#.#
.. .. #..#.#.###....
...
..#...>.............
#.#.##.#.######....#
#.#.##.#.####.......
#.#....#)...@c......
#....########.......
#....'.....# .......
##...##.##.# ######.
#...##'##+###
#............#
#.............
#.........[...
#####...#########.


You could see a centaur.

Vanquished Creatures
  Grinder (D:5)
  Sigmund (D:3)
  Eustachio (D:5)
  An orc warrior (D:6)
  An ice beast (D:5)
  2 ogres
  A centaur (D:5)
  2 scorpions
  5 crimson imps
  An orc priest (D:5)
  2 bullfrog skeletons
  3 orc wizards
  A centaur skeleton (D:6)
  Natasha (twice) (D:3)
  2 iguanas
  2 worker ants (D:4)
  Terence (D:3)
  A killer bee zombie (D:5)
  2 hound skeletons (D:5)
  A gnoll (D:4)
  5 adders
  An adder zombie (D:5)
  3 worms
  3 dart slugs
  2 leopard geckos
  22 orcs
  A ball python (D:2)
  6 bats
  8 giant cockroaches
  A goblin (D:1)
  10 hobgoblins
  7 jackals
  3 quokkas
  4 frilled lizards
  A giant cockroach zombie (D:5)
  11 kobolds
  A leopard gecko skeleton (D:5)
  7 rats
129 creatures vanquished.

Notes
Turn   | Place    | Note
-------+----------+-------------------------------------------
     0 | D:1      | CSWrites the Troll Monk began the quest for the Orb.
     0 | D:1      | Reached XP level 1. HP: 22/22 MP: 0/0
   239 | D:1      | Reached XP level 2. HP: 29/29 MP: 1/1
   679 | D:2      | Reached XP level 3. HP: 28/36 MP: 2/2
   897 | D:2      | Found a faded altar of an unknown god.
   963 | D:2      | Became a worshipper of Elyvilon the Healer
   963 | D:2      | Reached * piety under Elyvilon
   963 | D:2      | Reached ** piety under Elyvilon
  1419 | D:2      | Reached XP level 4. HP: 40/44 MP: 3/3
  1471 | D:2      | Found a basalt altar of Yredelemnul.
  1552 | D:3      | Noticed Sigmund
  1573 | D:3      | Killed Sigmund
  1573 | D:3      | Reached skill level 4 in Unarmed Combat
  1573 | D:3      | Reached XP level 5. HP: 40/53 MP: 4/4
  1725 | D:3      | Reached skill level 5 in Unarmed Combat
  1805 | D:3      | Found a stormy altar of Qazlal.
  1851 | D:3      | Noticed Terence
  1854 | D:3      | Killed Terence
  1854 | D:3      | Reached XP level 6. HP: 55/61 MP: 5/5
  2000 | D:3      | Reached skill level 1 in Invocations
  2348 | D:3      | Noticed Natasha
  2352 | D:3      | Killed Natasha
  2404 | D:3      | Noticed Natasha
  2409 | D:3      | Killed Natasha
  2508 | D:4      | Reached *** piety under Elyvilon
  2630 | D:4      | Found a shattered altar of Ashenzari.
  2798 | D:4      | Found a shimmering altar of Xom.
  2891 | D:4      | Reached XP level 7. HP: 63/67 MP: 7/7
  2916 | D:4      | Reached skill level 6 in Unarmed Combat
  2985 | D:4      | Found an opulent altar of Gozag.
  3167 | D:5      | Entered Level 5 of the Dungeon
  3346 | D:5      | Noticed Grinder
  3371 | D:5      | Killed Grinder
  3371 | D:5      | Reached skill level 7 in Unarmed Combat
  3371 | D:5      | Reached XP level 8. HP: 53/75 MP: 8/8
  3693 | D:5      | Noticed Eustachio
  3708 | D:5      | Killed Eustachio
  3770 | D:5      | Reached skill level 8 in Unarmed Combat
  3964 | D:5      | Reached **** piety under Elyvilon
  4447 | D:6      | Reached skill level 5 in Dodging
  4462 | D:6      | Mangled by a centaur

Skill      XL: |  1  2  3  4  5  6  7  8 |
---------------+-------------------------+-----
Dodging        | 3 4 5 |  5.0
Fighting       | 3 |  3.6
Unarmed Combat | 4 5 7 8 |  8.8
Invocations    | 1 2 |  2.5
Stealth        | 2 |  2.5
Throwing       | |  0.2

Action                   |  1- 3 |  4- 6 |  7- 9 || total
-------------------------+-------+-------+-------++-------
Melee: Unarmed           |    91 |   131 |   198 ||   420
       Punch             |     3 |     3 |     4 ||    10
Throw: Javelin           |       |     2 |     1 ||     3
Invok: Heal Other        |     4 |     5 |     3 ||    12
  Use: Scroll            |     5 |     3 |     2 ||    10
 Stab: Sleeping          |     1 |     3 |     1 ||     5
       Distracted        |       |       |     1 ||     1
  Eat: Chunk             |     4 |     3 |    24 ||    31
       Ration            |     3 |     3 |       ||     6
Armor: Robe              |    47 |    55 |    66 ||   168
Dodge: Dodged            |    79 |    82 |   102 ||   263
